 Dungeon Crawl Stone Soup version 0.32-a0-814-g0968bab981 (webtiles) character file.

Game seed: 8767794769529276778

201987 jasper the Devastator (level 17, -13/136 HPs)
             Began as a Demonspawn Air Elementalist on Mar 22, 2024.
             Was the Champion of Vehumet.
             Shot with an arrow by a naga sharpshooter (18 damage)
             ... led by Vashnia
             ... on level 2 of the Snake Pit.
             The game lasted 01:31:34 (41773 turns).

jasper the Devastator (DsAE)                       Turns: 41773, Time: 01:31:35

Health: -13/136    AC: 17    Str: 10    XL:     17   Next: 93%
Magic:  29/29      EV: 15    Int: 27    God:    Vehumet [******]
Gold:   1679       SH: 12    Dex: 15    Spells: 1/32 levels left

rFire   + + .        g - staff of air
rCold   . . .        N - +0 kite shield "Mofef" {rF+ rN+}
rNeg    + + .        D - +0 steam dragon scales
rPois   +            M - +2 helmet of Poyptea {rF+ rN+}
rElec   +            (cloak unavailable)
rCorr   .            r - +2 pair of gloves {hurl}
SInv    .            w - +2 pair of boots
Will    +....        Q - amulet of regeneration
Stlth   +++          B - +6 ring of intelligence
HPRegen 1.22/turn    y - ring of poison resistance
MPRegen 0.21/turn

%: no passive effects
@: lethally poisoned (-13 -> -14), wreathed by umbra, studying Polearms
A: thin metallic scales 2, powered by pain 1, weakness stinger 3, foul shadow 3
}: 1/15 runes: decaying
a: Renounce Religion


You were on level 2 of the Snake Pit.
You worshipped Vehumet.
Vehumet was exalted by your worship.
You visited 6 branches of the dungeon, and saw 29 of its levels.
You also visited: Bailey and Volcano.

You collected 3245 gold pieces.
You spent 1566 gold pieces at shops.

Inventory:

Missiles
 d - 3 curare-tipped darts
 F - a throwing net
Armour
 q - +2 swamp dragon scales
 r - a +2 pair of gloves of hurling (worn)
 w - a +2 pair of boots (worn)
 D - +0 steam dragon scales (worn)
 M - the +2 helmet of Poyptea (worn) {rF+ rN+}
   (You found it on level 3 of the Swamp)

   rF+:       It protects you from fire.
   rN+:       It protects you from negative energy.
 N - the +0 kite shield "Mofef" (worn) {rF+ rN+}
   (You found it in a bailey)

   rF+:       It protects you from fire.
   rN+:       It protects you from negative energy.
Magical Staves
 g - a staff of air (weapon)
 s - a staff of conjuration
Jewellery
 p - a ring of protection from cold
 y - a ring of poison resistance (right hand)
 B - a +6 ring of intelligence (left hand)
 G - an amulet of reflection
 I - a ring of magical power
 K - a +4 ring of protection
 Q - an amulet of regeneration (around neck)
 R - a ring of protection from cold
Wands
 a - a wand of mindburst (17)
 t - a wand of warping (17)
 x - a wand of charming (26)
 A - a wand of acid (10)
 H - a wand of flame (35)
 T - a wand of polymorph (6)
Scrolls
 b - 2 scrolls of noise
 c - 3 scrolls of summoning
 e - 10 scrolls of identify
 l - a scroll of poison
 m - 7 scrolls of teleportation
 u - 3 scrolls of torment
 v - 3 scrolls of blinking
 z - 2 scrolls of immolation
 P - 3 scrolls of vulnerability
 U - a scroll of revelation
 X - 2 scrolls of fog
 Z - 2 scrolls of silence
Potions
 f - a potion of magic
 h - 8 potions of enlightenment
 i - 2 potions of resistance
 j - 3 potions of attraction
 k - 7 potions of lignification
 n - 3 potions of mutation
 o - 10 potions of haste
 C - a potion of heal wounds
 E - 9 potions of brilliance
 J - 8 potions of might
 O - a potion of berserk rage
 V - 7 potions of curing
 W - 6 potions of invisibility
 Y - 2 potions of ambrosia
Miscellaneous
 L - a lightning rod (4/4)


   Skills:
 * Level 13.1 Fighting
 - Level 12.0 Staves
 - Level 11.0 Dodging
 - Level 1.7 Stealth
 - Level 13.0 Shields
 - Level 8.1 Spellcasting
 - Level 16.0 Conjurations
 - Level 3.1 Ice Magic
 * Level 11.1 Air Magic
 - Level 2.0 Alchemy


You had one spell level left.
You knew the following spells:

 Your Spells              Type           Power      Damage    Failure   Level
a - Shock                 Conj/Air       100%       1d9       1%          1
b - Static Discharge      Conj/Air       100%       3-8/arc   1%          2
c - Swiftness             Air            82%        N/A       1%          3
d - Airstrike             Air            41%        2d(6-22)  1%          4
e - Mephitic Cloud        Conj/Alch/Air  76%        N/A       1%          3
f - Freezing Cloud        Conj/Ice/Air   39%        6-21      1%          5
g - Orb of Destruction    Conj           39%        9d11      4%          7
h - Conjure Ball Lightni  Conj/Air       45%        3x3d16    2%          6

Your spell library contained the following spells:

 Spells                   Type           Power      Damage    Failure   Level
 Permafrost Eruption      Ice/Erth       9%         2x4d4     91%         6
 Magic Dart               Conj           100%       1d8       0%          1
 Sting                    Conj/Alch      100%       1d9       1%          1
 Sandblast                Erth           22%        2d7       3%          1
 Apportation              Tloc           22%        N/A       13%         1
 Necrotise                Necr           44%        1d6       13%         1
 Summon Small Mammal      Summ           44%        N/A       13%         1
 Momentum Strike          Conj/Tloc      100%       3d10      1%          2
 Stone Arrow              Conj/Erth      100%       3d13      1%          3
 Brom's Barrelling Bould  Conj/Erth      52%        2d7       1%          4
 Irradiate                Conj/Alch      28%        3d21      2%          5
 Cigotuvi's Dreadful Rot  Necr/Alch/Air  100%       N/A       3%          2
 Frozen Ramparts          Ice            54%        1d9       3%          3
 Ozocubu's Armour         Ice            27%        N/A       11%         3
 Summon Lightning Spire   Summ/Air       57%        N/A       13%         4
 Blink                    Tloc           22%        N/A       19%         2
 Call Imp                 Summ           22%        N/A       19%         2
 Lesser Beckoning         Tloc           22%        N/A       19%         2
 Sublimation of Blood     Necr           11%        N/A       19%         2
 Ignite Poison            Fire/Alch      16%        N/A       21%         4
 Sticky Flame             Fire/Alch      16%        2d5       21%         4
 Call Canine Familiar     Summ           11%        N/A       36%         3
 Petrify                  Alch/Erth      16%        N/A       63%         4
 Summon Blazeheart Golem  Fire/Summ      11%        N/A       77%         4
 Metabolic Englaciation   Hex/Ice        9%         N/A       88%         5
 Ignition                 Fire           5%         3d4       100%        8
 Chain Lightning          Conj/Air       45%        3d60      100%        9
 Fire Storm               Conj/Fire      26%        8d7       100%        9
 Shatter                  Erth           5%         3d8*      100%        9


Dungeon Overview and Level Annotations

Branches:
Dungeon (15/15)            Temple (1/1) D:6            Lair (5/5) D:8
  Swamp (4/4) Lair:3        Snake (2/4) Lair:3        Slime (0/5) Lair:4
    Orc (2/2) D:10            Elf (0/3) Orc:2        Vaults (0/5) D:13
 Depths (0/4) D:15         Bailey (visited)         Volcano (visited)

Altars:
Ashenzari
Cheibriados
Dithmenos
Fedhas
Gozag
Hepliaklqana
Kikubaaqudgha
Makhleb
Nemelex Xobeh
Okawaru
Qazlal
Ru
Sif Muna
Trog
Uskayaw
Vehumet
Wu Jian
Xom
Yredelemnul
Beogh
Jiyva

Shops:
D:2 (   Orc:2 =([!(   Snake:1 (

Portals:
Abyss: D:5

Annotations:
D:5 2 transporters, hgbash's ghost, novice OpCj
D:13 Rupert
D:15 2 transporters, Boicepta's ghost, journeyman DsGl
Snake:2 Vashnia


Innate Abilities, Weirdness & Mutations

You are mostly covered in thin metallic scales. (AC +3)
You sometimes gain a little power by taking damage.
You have a sharp stinger which inflicts weakening toxins.
You are darkly shadowed, frequently releasing foul flame when damaged in melee.


Message History

The blast of lightning engulfs the mana viper!!
The mana viper is heavily wounded.
The blast of lightning engulfs you! You resist.
* * * LOW HITPOINT WARNING * * *
The blast of lightning engulfs the naga mage!!
The naga mage is almost dead.
The blast of lightning engulfs the salamander!!
The salamander is heavily wounded.
The blast of lightning engulfs the naga sharpshooter!!
The naga sharpshooter is moderately wounded.
The blast of lightning engulfs the naga!!!
You kill the naga!
Vehumet accepts your kill.
You feel your power returning.
The blast of lightning engulfs the salamander!!
You kill the salamander!
Vehumet accepts your kill.
You feel your power returning.
Magic restored.
The blast of lightning engulfs the naga!!
The naga is severely wounded.
The blast of lightning engulfs the naga sharpshooter!!
The naga sharpshooter is moderately wounded.
The blast of lightning engulfs your ball lightning.
Your ball lightning completely resists.
Your ball lightning explodes!
The blast of lightning engulfs you. You resist.
* * * LOW HITPOINT WARNING * * *
The blast of lightning engulfs Aizul!!
Aizul is almost dead.
Your ball lightning explodes!
The blast of lightning engulfs Aizul!!
You kill Aizul!
Vehumet accepts your kill. The blast of lightning engulfs you! You resist.
* * * LOW HITPOINT WARNING * * *
The naga sharpshooter shoots an arrow.
The arrow barely misses you.
The naga sharpshooter casts a spell.
The naga sharpshooter magically shoots an arrow.
The arrow hits you!!
You die...

######.....#
##..........#
............###
.......))..)...
......)........
....)..........
..SNN.>........
.....<ß@.......
...)..<%.....##
.....S...)...#
....N........#
...N.........#
#..NN.S.....##
............#
#..N.........


You could see Vashnia, 3 naga sharpshooters, a salamander, an anaconda, a mana
viper, a black mamba, a naga mage and a naga (catching breath).

Vanquished Creatures
  Nikola (Swamp:1)
  Jorgrun (D:10)
  Aizul (Snake:2)
  2 thorn hunters (Swamp:4)
  Donald (Swamp:4)
  The ghost of Chish the Fighter, a journeyman HuFi of Qazlal (Orc:1)
  Louise (D:15)
  A very ugly thing (D:15)
  A stone giant (D:15)
  7 bunyips
  2 eleionomae
  An ettin (Orc:1)
  A rakshasa (D:14)
  A ghost crab (Swamp:2)
  Erolcha (D:9)
  32 hydras
  2 vault guards (D:13)
  2 catoblepae
  6 alligators
  4 anacondas (Snake:1)
  Erica (D:9)
  7 centaur warriors
  An ogre mage (Orc:1)
  5 boulder beetles
  2 death knights
  5 two-headed ogres
  2 spriggan berserkers (Swamp:4)
  6 tengu warriors
  Urug (Orc:2)
  4 death yaks (Lair:5)
  A naga warrior (Snake:1)
  An occultist (D:11)
  3 shock serpents
  An orc high priest (Orc:1)
  5 naga sharpshooters (Snake:1)
  A hell knight (Volcano)
  Nergalle (Lair:2)
  17 goliath frogs
  The ghost of Jefftoothebobb the Cleaver, a novice DsGl of Dithmenos (D:8)
  A flayed ghost (D:15)
  4 mana vipers
  3 spriggan druids
  An arcanist (D:13)
  2 naga ritualists (Snake:1)
  14 swamp dragons
  9 bog bodies
  Pikel (D:8)
  2 necromancers (D:13)
  13 ugly things
  10 orc knights
  3 deep elf pyromancers
  3 orc sorcerers
  2 obsidian bats
  4 cyclopes
  3 salamanders
  4 wolf spiders
  3 manticores
  4 will-o-the-wisps
  A black mamba (shapeshifter) (D:14)
  3 meliai (D:15)
  2 guardian serpents
  8 elephants
  A torpor snail (Lair:2)
  9 kobold blastminers
  12 cane toads
  A cane toad (shapeshifter) (D:9)
  4 naga magi
  Maggie (D:8)
  2 gargoyles (D:9)
  26 black mambas
  A molten gargoyle (Volcano)
  A kobold demonologist (D:11)
  An efreet (D:14)
  2 rime drakes
  3 unseen horrors
  9 yaktaurs
  2 tengu conjurers
  11 komodo dragons
  2 freezing wraiths (D:11)
  Psyche (D:9)
  5 trolls
  5 polar bears
  2 hornets (Lair:5)
  9 tyrant leeches
  A blink frog (shapeshifter) (D:15)
  13 blink frogs
  A raiju (shapeshifter) (D:12)
  A vampire (D:11)
  5 shadows
  13 wyverns
  Grum (Lair:1)
  10 slime creatures
  3 wraiths
  19 humans (D:13)
  8 basilisks
  2 redbacks (Lair:5)
  5 fire bats (Volcano)
  75 yaks
  2 wargs (Orc:2)
  2 steam dragons
  17 vampire mosquitoes
  15 nagas
  3 acid dragons
  17 swamp worms
  22 water moccasins
  11 swamp drakes
  38 orc warriors
  2 black bears
  A sky beast (D:7)
  An ice beast (D:8)
  3 ogres
  A boggart (D:12)
  40 wolves
  12 centaurs
  3 lemures (D:8)
  A phantom (D:6)
  9 bullfrogs
  A kobold brigand (D:8)
  4 scorpions
  13 wights
  4 troll skeletons (Swamp:2)
  9 howler monkeys
  An electric eel (D:8)
  6 lava snakes
  17 jellies
  3 bombardier beetles
  7 orc priests
  2 hounds
  19 orc wizards
  2 sleepcaps
  An iguana (D:6)
  6 hell rats (Lair:2)
  9 gnolls
  8 adders
  A shadow imp (D:6)
  2 white imps
  4 dart slugs
  3 ribbon worms (D:2)
  75 orcs
  6 endoplasms
  4 giant cockroaches
  4 goblins
  8 hobgoblins
  4 quokkas
  4 ball pythons
  8 bats
  2 frilled lizards
  10 kobolds
  6 rats
954 creatures vanquished.

Vanquished Creatures (others)
  2 bloated husks
  73 ball lightnings
  17 foxfires
92 creatures vanquished.

Grand Total: 1046 creatures vanquished

Notes
Turn   | Place    | Note
-------+----------+-------------------------------------------
     0 | D:1      | jasper the Demonspawn Air Elementalist began the quest for
                  | the Orb.
     0 | D:1      | Reached XP level 1. HP: 13/13 MP: 3/3
   400 | D:1      | Reached skill level 2 in Conjurations
   415 | D:1      | Gained mutation: You are partially covered in thin metallic
                  | scales. (AC +2) [demonic ancestry]
   415 | D:1      | Reached XP level 2. HP: 19/19 MP: 1/5
   528 | D:1      | Learned a level 2 spell: Static Discharge
  1164 | D:1      | Reached skill level 3 in Conjurations
  1532 | D:2      | Gained mutation: You sometimes gain a little power by
                  | taking damage. [demonic ancestry]
  1532 | D:2      | Reached XP level 3. HP: 24/24 MP: 1/6
  1536 | D:2      | Learned a level 3 spell: Swiftness
  1641 | D:2      | Identified the +6 spear "Suhack Nanaj" {elec, +Blink rElec
                  | rC+ rCorr}
  1888 | D:2      | Found Puoqounull's Antique Weapon Shoppe.
  1985 | D:2      | You fall into a shaft and drop 2 floors!
  2005 | D:4      | Noticed a scorpion
  2049 | D:4      | Killed a scorpion
  2050 | D:4      | Reached XP level 4. HP: 30/30 MP: 0/7
  2196 | D:3      | Reached XP level 5. HP: 12/35 MP: 1/8
  2423 | D:3      | Found a faded altar of an unknown god.
  3162 | D:3      | Found a hide-covered altar of Uskayaw.
  3296 | D:3      | Reached skill level 5 in Air Magic
  4090 | D:4      | Reached skill level 1 in Fighting
  4090 | D:4      | Reached skill level 1 in Staves
  4090 | D:4      | Reached XP level 6. HP: 43/43 MP: 1/9
  4584 | D:4      | Found an opulent altar of Gozag.
  5029 | D:4      | Gained mutation: You have a small tail. [demonic ancestry]
  5029 | D:4      | Reached XP level 7. HP: 48/51 MP: 0/10
  5213 | D:5      | Entered Level 5 of the Dungeon
  5394 | D:5      | Found a transporter.
  5521 | D:5      | Found a transporter.
  5523 | D:5      | Found a one-way gate to the infinite horrors of the Abyss.
  5523 | D:5      | Noticed hgbash's ghost (novice OpCj)
  5589 | D:5      | Noticed a small abomination
  5666 | D:5      | Found a blossoming altar of Fedhas.
  6453 | D:6      | Found a staircase to the Ecumenical Temple.
  6559 | Temple   | Entered the Ecumenical Temple
  6718 | D:6      | Gained mutation: You are faintly shadowed, very rarely
                  | releasing foul flame when damaged in melee. [demonic
                  | ancestry]
  6718 | D:6      | Reached XP level 8. HP: 60/60 MP: 7/11
  6854 | D:6      | Learned a level 4 spell: Airstrike
  7369 | D:6      | Found a radiant altar of Vehumet.
  7379 | D:6      | Became a worshipper of Vehumet
  8738 | D:8      | Reached * piety under Vehumet
  8738 | D:8      | Offered knowledge of Sandblast by Vehumet.
  8739 | D:8      | Gained mutation: You have a tail ending in a sharp stinger.
                  | [demonic ancestry]
  8739 | D:8      | Reached XP level 9. HP: 66/66 MP: 3/12
  8844 | D:8      | Noticed a komodo dragon
  9211 | D:9      | Noticed Pikel
  9215 | D:9      | Reached skill level 5 in Fighting
  9215 | D:9      | Reached skill level 5 in Dodging
  9319 | D:8      | Reached skill level 5 in Staves
  9582 | D:8      | Found a runed translucent door.
  9586 | D:8      | Noticed Jefftoothebobb's ghost (novice DsGl)
  9616 | D:8      | Noticed Maggie
  9682 | D:8      | Killed a komodo dragon
  9840 | D:8      | Killed Maggie
 10169 | D:9      | Gained mutation: You are mostly covered in thin metallic
                  | scales. (AC +3) [demonic ancestry]
 10169 | D:9      | Reached XP level 10. HP: 22/76 MP: 2/13
 10512 | D:9      | Noticed Erica
 10589 | D:9      | Killed Erica
 10798 | D:8      | Killed Pikel
 11036 | D:9      | Found Zin's Purification Station.
 11045 | D:9      | Bought a potion of curing for 90 gold pieces
 11047 | D:9      | Noticed Erolcha
 11054 | D:9      | Killed Erolcha
 11299 | D:9      | Noticed Psyche
 11306 | D:9      | Killed Psyche
 11523 | D:9      | Noticed an entropy weaver
 11532 | D:9      | an entropy weaver changed into a cane toad
 11532 | D:9      | Noticed a cane toad (shapeshifter)
 11535 | D:9      | Killed a cane toad
 11833 | D:9      | Found a bloodstained altar of Trog.
 11920 | D:9      | Noticed a gargoyle
 11931 | D:9      | Killed a gargoyle
 12043 | D:9      | Noticed a gargoyle
 12050 | D:9      | Killed a gargoyle
 12215 | D:9      | Reached ** piety under Vehumet
 12266 | D:10     | Entered Level 10 of the Dungeon
 12283 | D:10     | Offered knowledge of Magic Dart by Vehumet.
 12401 | D:10     | Gained mutation: You are shadowed, sometimes releasing foul
                  | flame when damaged in melee. [demonic ancestry]
 12401 | D:10     | Reached XP level 11. HP: 40/85 MP: 13/14
 12746 | D:10     | Found a staircase to the Orcish Mines.
 12756 | D:10     | Found a flagged portal.
 12825 | Bailey   | Entered a bailey
 13187 | Bailey   | Noticed an orc knight
 13187 | Bailey   | Noticed an orc knight
 13197 | Bailey   | Killed an orc knight
 13207 | Bailey   | Killed an orc knight
 13208 | Bailey   | Offered knowledge of Mephitic Cloud by Vehumet.
 13213 | Bailey   | Learned a level 3 spell: Mephitic Cloud
 13361 | Bailey   | Got Lauqycs's Enchiridion on Conduction
 13362 | Bailey   | Identified the +0 kite shield "Mofef" {rF+ rN+}
 13487 | Bailey   | Reached skill level 1 in Alchemy
 14110 | D:10     | Reached *** piety under Vehumet
 15000 | D:11     | Learned a level 5 spell: Freezing Cloud
 15539 | D:11     | Reached skill level 1 in Ice Magic
 15803 | D:11     | Noticed a centaur warrior
 15824 | D:11     | Killed a centaur warrior
 16112 | D:11     | Noticed a two-headed ogre
 16147 | D:11     | Killed a two-headed ogre
 16148 | D:11     | Reached skill level 4 in Conjurations
 16300 | D:11     | Noticed an occultist
 16302 | D:11     | Noticed a boulder beetle
 16303 | D:11     | Noticed a boulder beetle
 16304 | D:11     | Killed an occultist
 16310 | D:11     | Killed a boulder beetle
 16311 | D:11     | Gained mutation: You are darkly shadowed, frequently
                  | releasing foul flame when damaged in melee. [demonic
                  | ancestry]
 16311 | D:11     | Reached XP level 12. HP: 73/93 MP: 18/18
 16321 | D:11     | Killed a boulder beetle
 16322 | D:11     | Reached skill level 5 in Conjurations
 16477 | D:11     | Reached skill level 6 in Conjurations
 16497 | D:11     | Offered knowledge of Volatile Blastmotes by Vehumet.
 17455 | D:8      | Found a staircase to the Lair.
 17584 | D:8      | Killed Jefftoothebobb's ghost
 17737 | Lair:1   | Entered Level 1 of the Lair of Beasts
 17751 | Lair:1   | Reached skill level 7 in Conjurations
 17836 | Lair:1   | Noticed Grum
 17838 | Lair:1   | Reached skill level 10 in Air Magic
 17841 | Lair:1   | Killed Grum
 18036 | Lair:1   | Reached skill level 10 in Staves
 18270 | Lair:1   | Reached **** piety under Vehumet
 18773 | Lair:2   | Offered knowledge of Hailstorm by Vehumet.
 19528 | Lair:2   | Noticed Nergalle
 19532 | Lair:2   | Killed Nergalle
 19535 | Lair:2   | Reached XP level 13. HP: 58/101 MP: 17/19
 20297 | Lair:3   | Reached ***** piety under Vehumet
 20302 | Lair:3   | Offered knowledge of Orb of Destruction by Vehumet.
 20712 | Lair:3   | Reached skill level 10 in Fighting
 20713 | Lair:3   | Found a staircase to the Swamp.
 20991 | Lair:3   | Reached skill level 5 in Spellcasting
 21238 | Lair:3   | Found a staircase to the Snake Pit.
 21372 | Lair:3   | Learned a level 7 spell: Orb of Destruction
 22108 | Lair:4   | Found a viscous altar of Jiyva.
 22115 | Lair:4   | Found a staircase to the Slime Pits.
 22135 | Lair:4   | Offered knowledge of Iskenderun's Battlesphere by Vehumet.
 22370 | Lair:4   | Reached skill level 8 in Conjurations
 22372 | Lair:4   | Reached XP level 14. HP: 98/110 MP: 16/26
 22742 | Lair:4   | Identified the +6 broad axe of Wank {flame, ^Fragile rCorr
                  | Str+4 Dex+4}
 23008 | Lair:5   | Entered Level 5 of the Lair of Beasts
 23059 | Lair:5   | Reached skill level 9 in Conjurations
 23365 | Lair:5   | Reached skill level 10 in Conjurations
 23879 | Lair:5   | Reached skill level 11 in Conjurations
 24900 | Orc:1    | Entered Level 1 of the Orcish Mines
 24900 | Orc:1    | Noticed Jorgrun
 24900 | Orc:1    | Found a bloodstained altar of Trog.
 24911 | D:10     | Killed Jorgrun
 24912 | D:10     | Reached skill level 12 in Conjurations
 25018 | Orc:1    | Paralysed by an orc sorcerer for 2 turns
 25172 | Orc:1    | Reached skill level 13 in Conjurations
 25186 | Orc:1    | Reached skill level 1 in Shields
 25447 | Orc:2    | Entered Level 2 of the Orcish Mines
 25447 | Orc:2    | Found Tiplomel's Jewellery Boutique.
 25715 | Orc:2    | Found a staircase to the Elven Halls.
 25911 | Orc:2    | Found a dark tunnel.
 25920 | Volcano  | Entered a volcano
 26331 | Volcano  | Found a radiant altar of Vehumet.
 26794 | Orc:2    | Reached XP level 15. HP: 115/115 MP: 21/27
 26797 | Orc:2    | Noticed Urug
 26803 | Orc:2    | Killed Urug
 26885 | Orc:2    | Found Qahyeso's Antique Weapon Shoppe.
 26945 | Orc:2    | Reached skill level 5 in Shields
 27055 | Orc:2    | Reached ****** piety under Vehumet
 27077 | Orc:2    | Offered knowledge of Spellforged Servitor by Vehumet.
 27554 | Orc:2    | Found Ijeroph's Distillery.
 27554 | Orc:2    | Found Otem's Distillery.
 27556 | Orc:2    | Found Yttenun's Weapon Boutique.
 27558 | Orc:2    | Found Hoseoral's Antique Armour Shoppe.
 27562 | Orc:2    | Bought a potion of resistance for 120 gold pieces
 27562 | Orc:2    | Bought a potion of brilliance for 48 gold pieces
 27562 | Orc:2    | Bought a potion of heal wounds for 60 gold pieces
 27562 | Orc:2    | Bought a potion of haste for 120 gold pieces
 27562 | Orc:2    | Bought a potion of brilliance for 48 gold pieces
 27562 | Orc:2    | Bought a potion of lignification for 36 gold pieces
 27562 | Orc:2    | Bought a potion of heal wounds for 60 gold pieces
 27562 | Orc:2    | Bought 2 potions of curing for 72 gold pieces
 27562 | Orc:2    | Bought a potion of heal wounds for 60 gold pieces
 27563 | Orc:2    | Bought a potion of ambrosia for 96 gold pieces
 27563 | Orc:2    | Bought a potion of might for 48 gold pieces
 27563 | Orc:2    | Bought a potion of curing for 36 gold pieces
 27563 | Orc:2    | Bought 2 potions of enlightenment for 120 gold pieces
 27563 | Orc:2    | Bought a potion of haste for 120 gold pieces
 27563 | Orc:2    | Bought a potion of magic for 96 gold pieces
 27563 | Orc:2    | Bought a potion of invisibility for 96 gold pieces
 27575 | Orc:2    | Bought a pair of runed boots for 240 gold pieces
 27699 | Orc:1    | Found a runed translucent gate.
 27699 | Orc:1    | Found a runed translucent gate.
 27699 | Orc:1    | Found a runed translucent gate.
 27702 | Orc:1    | Noticed Chish's ghost (journeyman HuFi)
 27865 | Orc:1    | Found a roughly hewn altar of Beogh.
 27892 | Orc:1    | Killed Chish's ghost
 30154 | D:13     | Offered knowledge of Eringya's Noxious Bog by Vehumet.
 30300 | D:13     | Reached skill level 10 in Shields
 30354 | D:13     | Found a gate to the Vaults.
 31139 | D:13     | Noticed Rupert
 31159 | D:13     | Paralysed by Rupert for 2 turns
 32064 | D:15     | Entered Level 15 of the Dungeon
 32228 | D:15     | Reached XP level 16. HP: 83/122 MP: 5/28
 32478 | D:15     | Noticed Louise
 32482 | D:15     | Killed Louise
 33015 | D:15     | Found a transporter.
 33016 | D:15     | Noticed Boicepta's ghost (journeyman DsGl)
 33047 | D:15     | Found a transporter.
 33166 | D:15     | Found a staircase to the Depths.
 33672 | Swamp:1  | Entered Level 1 of the Swamp
 34356 | Swamp:1  | Noticed Nikola
 34371 | Swamp:1  | Killed Nikola
 34662 | Swamp:1  | Offered knowledge of Starburst by Vehumet.
 35337 | Swamp:2  | Reached skill level 14 in Conjurations
 35907 | Swamp:2  | You fall into a shaft and drop 1 floor!
 35944 | Swamp:3  | Identified the +2 helmet of Poyptea {rF+ rN+}
 36002 | Swamp:3  | Identified the +1 scale mail of the Desolation of Salt
                  | {rElec SInv}
 36295 | Swamp:3  | Reached skill level 10 in Dodging
 36938 | Swamp:4  | Entered Level 4 of the Swamp
 37089 | Swamp:4  | Noticed a thorn hunter
 37128 | Swamp:3  | Gained mutation: You have a sharp stinger which inflicts
                  | weakening toxins. [demonic ancestry]
 37128 | Swamp:3  | Reached XP level 17. HP: 91/131 MP: 29/29
 37342 | Swamp:3  | Reached skill level 15 in Conjurations
 37843 | Swamp:4  | Learned a level 6 spell: Conjure Ball Lightning
 37997 | Swamp:4  | Noticed Donald
 38005 | Swamp:4  | Killed Donald
 38815 | Swamp:4  | Offered knowledge of Permafrost Eruption by Vehumet.
 39008 | Swamp:4  | Got a decaying rune of Zot
 39463 | Swamp:2  | Reached skill level 16 in Conjurations
 40058 | Snake:1  | Entered Level 1 of the Snake Pit
 41243 | Snake:1  | Found Geleog's Antique Weapon Emporium.
 41768 | Snake:2  | Noticed Vashnia
 41768 | Snake:2  | Identified the serpent talisman "Dueh" {Stlth+}
 41768 | Snake:2  | Noticed Aizul
 41773 | Snake:2  | Killed Aizul
 41773 | Snake:2  | HP: 5/136 [spore (11)]
 41773 | Snake:2  | Shot with an arrow by a naga sharpshooter

Illustrated notes

Levels and vault maps discovered:
D:1:      dpeg_arrival_circle_labyrinth_c, layout_basic,
          minmay_tree_intersection, minmay_distorted
D:2:      layout_basic, serial_shops, nicolae_shop_statue_plus,
          chequers_serial_rivers_room_b
D:3:      cheibrodos_helix_gallery, layout_loops_ring,
          eat_drink_and_be_merry_uskayaw, basic_ecumenical_altar
D:4:      layout_cave_pods, overflow_temple_1_default
D:5:      layout_basic, mainiacjoe_overflow_small_starburst,
          gammafunk_ghost_abyssal_escape
D:6:      minmay_general_purpose_star, layout_loops_cross,
          nicolae_vehumet_altar_sigil, minmay_temple_entry_nine_rooms
D:7:      layout_cave_pools, corexii_item_surrounded_by_moat
D:8:      layout_loops_ring, erik_lair_dragon, ebering_ghost_reflecting_pool,
          hangedman_decor_growths, grunt_ministairs_9,
          chequers_serial_rivers_micro_d, minivault_4, minmay_holes,
          minmay_between, uniq_maggie
D:9:      cheibrodos_statue_roulette, layout_rooms, zin_purify,
          mainiacjoe_overflow_concentric_impassable,
          kennysheep_decorative_pillar, uniq_erica, uniq_erolcha, uniq_psyche,
          uniq_pikel
D:10:     layout_loops_corners, orc_0_dummy, enter_bailey_6
D:11:     hangedman_cross_veins, layout_basic
D:12:     layout_loops_cross, minivault_28
D:13:     layout_irregular_city, grunt_vaults_entry_tiered,
          portal_ice_cave_entry_animals_and_master,
          chequers_serial_rivers_room_b, uniq_rupert
D:14:     layout_long_grid, serial_co_window_serial, co_window_corner_a,
          co_window_paths_a, co_window_corner_a, co_window_corner_a,
          co_window_corner_a, co_window_paths_c, co_window_2corner,
          co_window_corner_cb, co_window_corner_b, glass_columns_c,
          glass_columns_a, glass_columns_a, glass_columns_c
D:15:     grunt_enter_depths_snipers, layout_rooms,
          gammafunk_ghost_berserking_beasts, minivault_26, kb_rosetta,
          uniq_louise
Temple:   nicolae_temple_elliptical
Lair:1:   layout_big_grid, serial_bayou_shore_a, uniq_grum
Lair:2:   layout_long_grid, grunt_megastairs_4, uniq_nergalle
Lair:3:   layout_loops_ring, palyth_hydra_swamp_entry,
          nicolae_snake_entry_warm_welcome
Lair:4:   layout_concentric_octagons, minmay_slime_entry_jelly_boxes
Lair:5:   hangedman_lair_tendril_chambers, layout_misc_corridors,
          nicolae_lair_run_with_the_wolves
Swamp:1:  layout_basic_swamp, evilmike_swamp_ruin_house_4, swamp_pool_1_2,
          nicolae_swamp_baby_hydras, uniq_nikola
Swamp:2:  layout_basic_swamp, evilmike_swamp_ruin_house_1, swamp_pool_4,
          cheibrodos_swamp_minitomb
Swamp:3:  layout_falls_marsh, evilmike_swamp_ruin_rubble_2, swamp_pool_1_2
Swamp:4:  swamp_basic_johnstein, layout_basic_swamp, infiniplex_staircase_pool,
          uniq_donald
Snake:1:  layout_rooms, serial_shops, nicolae_shop_window_shopping,
          grunt_megastairs_2
Snake:2:  layout_misc_corridors, basic_altar, evilmike_ambush
          [evilmike_ambush_outer_basic, evilmike_ambush_inner_basic],
          serial_bayou_shore_b, minmay_shoptagon, uniq_vashnia, uniq_aizul
Orc:1:    layout_caves, biasface_ghost_orc_armoury, basic_altar, uniq_jorgrun
Orc:2:    st_orc_rangers, layout_caves, nicolae_volcano_entry_two_sided,
          serial_shops, nicolae_shop_behind_doors, shop, uniq_urug

Skill      XL: |  1  2  3  4  5  6  7  8  9 10 11 12 13 14 15 16 17 |
---------------+----------------------------------------------------+-----
Conjurations   | 2 3 4 7 8 13 14 16 | 16.0
Air Magic      | 4 5 7 8 10 11 | 11.1
Dodging        | 2 3 4 5 7 8 9 10 11 | 11.0
Fighting       | 1 2 4 6 7 8 9 10 11 13 | 13.1
Staves         | 1 2 3 4 6 9 11 12 | 12.0
Alchemy        | 2 |  2.0
Spellcasting   | 4 8 |  8.1
Ice Magic      | 3 |  3.1
Shields        | 4 11 13 | 13.0
Stealth        | |  1.7

Action                     |  1- 3 |  4- 6 |  7- 9 | 10-12 | 13-15 | 16-18 || total
---------------------------+-------+-------+-------+-------+-------+-------++-------
  Melee: Unarmed           |     4 |       |       |       |       |       ||     4
         Dagger            |     4 |       |       |       |       |       ||     4
         Spear             |     5 |    11 |       |       |       |       ||    16
         Staff             |       |     3 |    74 |    95 |   433 |   297 ||   902
         Tailslap          |       |       |    11 |    11 |    86 |    53 ||   161
   Cast: Shock             |    73 |   121 |   173 |   198 |    40 |     2 ||   607
         Static Discharge  |     2 |     5 |    53 |    89 |   104 |    41 ||   294
         Airstrike         |       |       |    13 |   124 |   159 |    47 ||   343
         Freezing Cloud    |       |       |       |    24 |   215 |   143 ||   382
         Swiftness         |       |       |       |     1 |     3 |       ||     4
         Mephitic Cloud    |       |       |       |     1 |     1 |       ||     2
         Orb of Destructio |       |       |       |       |    22 |    63 ||    85
         Conjure Ball Ligh |       |       |       |       |       |    27 ||    27
  Evoke: Wand              |       |       |     4 |    10 |       |       ||    14
         Lightning rod     |       |       |       |     8 |     4 |       ||    12
    Use: Scroll            |       |    10 |     7 |    12 |     8 |     3 ||    40
         Potion            |       |       |     4 |     5 |     9 |     2 ||    20
   Stab: Sleeping          |       |       |       |       |     2 |     2 ||     4
 Armour: Robe              |    11 |    25 |   108 |       |       |       ||   144
         Steam dragon scal |       |       |    67 |   345 |   447 |   416 ||  1275
  Dodge: Dodged            |    18 |     8 |   115 |   201 |   383 |   222 ||   947
         Repelled          |       |       |     5 |     6 |    59 |    16 ||    86
  Block: Kite shield       |       |       |       |       |   199 |   246 ||   445

Table legend: (Time is in decaauts)
 A = Elapsed time spent in this place.
 B = Non-inter-level travel time spent in this place.
 C = Inter-level travel time spent in this place.
 D = Time resting spent in this place.
 E = Time spent auto-exploring this place.
 F = Levels seen in this place.
 G = Mean time per level.
                   A        B        C        D        E       F      G
               +--------+--------+--------+--------+--------+-----+--------+
         Total |  41918 |  39945 |   1973 |   6104 |  28300 |  31 | 1352.2 |
       Dungeon |  22433 |  21201 |   1232 |   3253 |  15184 |  15 | 1495.5 |
        Temple |      1 |      1 |      0 |      0 |      0 |   1 |    1.0 |
          Lair |   8252 |   7761 |    491 |   1064 |   5783 |   5 | 1650.4 |
         Swamp |   6501 |   6339 |    162 |   1324 |   4034 |   4 | 1625.2 |
     Snake Pit |    838 |    800 |     38 |      0 |    655 |   2 |  419.0 |
  Orcish Mines |   2515 |   2467 |     48 |    115 |   1828 |   2 | 1257.5 |
        Bailey |    750 |    750 |      0 |    212 |    426 |   1 |  750.0 |
       Volcano |    625 |    625 |      0 |    136 |    389 |   1 |  625.0 |
               +--------+--------+--------+--------+--------+-----+--------+

Top non-repeatable levels by time:
     D:8: 2942 daAuts
  Lair:3: 2917 daAuts
    D:11: 2442 daAuts
    D:10: 2085 daAuts
 Swamp:4: 1744 daAuts
  Lair:5: 1728 daAuts
 Swamp:1: 1691 daAuts
 Swamp:3: 1551 daAuts
     D:4: 1532 daAuts
 Swamp:2: 1514 daAuts
     D:1: 1512 daAuts
     D:9: 1484 daAuts
     D:6: 1455 daAuts
   Orc:2: 1450 daAuts
     D:7: 1400 daAuts
